Map: Orbital Shipyard

Players

ROCCATHyuN (HyuN)

  • Race: Zerg Zerg

True - Winner!

  • Race: Zerg Zerg
  • League: Grandmaster

Event: True vs Hyun (Matcherino)

VOD

https://www.youtube.com/watch?v=VrsBX8eADGg

Description

Time

  • Played on: Nov. 23, 2015, 10:20 a.m.
  • Length: 11:24

All games in this series

Show
View Real Time Build Order
Export as new Build Order

ROCCATHyuN Zerg 

Build Orders: Hatch First 

Get SALT Encoding   

  12  0:01  Drone  
  13  0:12  Overlord  
  13  0:17  Drone  
  14  0:30  Drone x2  
  14  0:34  Drone  
  17  0:51  Hatchery  
  17  0:55  Drone  
  17  0:57  Drone  
  18  1:07  Extractor  
  17  1:12  Spawning Pool  
  17  1:14  Drone  
  17  1:17  Drone  
  18  1:28  Drone  
  19  1:38  Overlord  
  19  1:59  Zergling x2, Queen  
  19  2:00  Zergling x2  
  23  2:03  Drone, Queen  
  23  2:07  Metabolic Boost  
  26  2:14  Drone x2  
  28  2:25  Drone  
  28  2:26  Drone  
  28  2:29  Baneling Nest  
  29  2:34  Queen  
  31  2:38  Drone  
  31  2:39  Drone  
  33  2:44  Overlord  
  33  2:46  Drone  
  34  2:53  Drone  
  34  2:57  Drone  
  36  3:09  Drone  
  36  3:11  Drone  
  37  3:13  Hatchery  
  37  3:16  Drone, Baneling x2  
  37  3:18  Drone  
  38  3:21  Overlord  
  38  3:24  Drone  
  39  3:30  Zergling x2  
  39  3:31  Zergling x2  
  39  3:33  Drone x2  
  43  3:38  Overlord  
  43  3:42  Drone  
  43  3:45  Drone  
  43  3:46  Drone x3  
  48  3:49  Drone  
  48  3:53  Evolution Chamber, Drone  
  48  3:54  Extractor  
  48  3:56  Drone  
  48  3:59  Drone  
  48  4:02  Drone  
  51  4:07  Overlord  
  51  4:09  Drone  
  52  4:11  Roach Warren, Extractor  
  52  4:15  Drone  
  51  4:20  Overlord x2  
  51  4:21  Drone  
  51  4:22  Drone  
  53  4:30  Zerg Missile Weapons Level 1  
  53  4:50  Roach  
  53  4:51  Roach x7  
  69  5:02  Drone  
  69  5:03  Drone x9  
  69  5:05  Lair  
  69  5:06  Drone  
  80  5:09  Drone  
  80  5:11  Drone  
  80  5:12  Extractor  
  81  5:18  Ravager x3  
  81  5:20  Drone x2  
  86  5:24  Ravager  
  86  5:25  Extractor  
  86  5:26  Drone, Extractor  
  86  5:27  Drone x2  
  86  5:28  Drone x2  
  90  5:30  Overlord  
  90  5:31  Overlord x2  
  90  5:42  Overlord x2  
  90  5:43  Overlord  
  90  5:53  Drone  
  90  5:54  Drone x5  
  96  6:05  Roach x10  
  96  6:07  Overlord  
  96  6:11  Glial Reconstitution  
  116  6:14  Overseer  
  116  6:27  Hatchery  
  116  6:28  Roach x6  
  127  6:34  Overlord x3  
  127  6:36  Ravager  
  128  6:40  Ravager x5  
  128  6:43  Overlord  
  128  6:44  Overlord x2  
  133  6:54  Zerg Missile Weapons Level 2  
  133  6:55  Roach  
  133  6:56  Roach x4  
  133  7:00  Overlord x3  
  143  7:01  Overseer  
  143  7:08  Roach x4  
  151  7:11  Queen  
  153  7:21  Roach x4  
  153  7:22  Roach x2  
  165  7:24  Ravager x2  
  167  7:38  Roach  
  167  7:39  Roach x2  
  173  7:45  Roach x9  
  191  7:54  Roach x3  
  185  8:09  Roach x8  
  172  8:14  Roach x8  
  177  8:22  Roach  
  177  8:24  Roach  
  170  8:31  Ravager x2  
  172  8:38  Roach x6  
  184  8:46  Roach  
  184  8:47  Roach x3  
  190  8:59  Roach  
  190  9:00  Roach x2  
  190  9:02  Roach x5  
  199  9:03  Roach x3  
  185  9:27  Roach  
  185  9:28  Roach x10  
  162  9:33  Roach  
  133  9:42  Roach x4  
  134  9:50  Ravager  
  134  9:51  Ravager x5  
  142  9:52  Roach  
  142  9:56  Roach  
  142  9:57  Roach  
  142  9:58  Roach  
  146  10:00  Roach  
  146  10:02  Extractor  
  146  10:03  Extractor  
  146  10:05  Roach  
  144  10:07  Roach  
  144  10:08  Roach x3  
  144  10:10  Spine Crawler  
  144  10:13  Spine Crawler  
  144  10:14  Ravager  
  147  10:15  Spine Crawler  
  147  10:16  Ravager  
  147  10:18  Roach  
  135  10:29  Roach x7  
  137  10:37  Roach  
  137  10:38  Roach  
  137  10:39  Roach  
  137  10:40  Roach  
  120  10:43  Roach x2  
  120  10:44  Roach  
  120  10:47  Roach  
  120  10:48  Roach  
  120  10:49  Roach x4  
  115  10:51  Roach  
  115  10:54  Roach x2  
  115  10:55  Roach  
  109  10:57  Roach  
  109  10:59  Roach  
  109  11:00  Roach  
  109  11:01  Roach  
Show
View Real Time Build Order
Export as new Build Order

True Zerg - Winner!

Build Orders: 3 Hatch before Pool 

Get SALT Encoding   

  12  0:01  Drone  
  13  0:13  Overlord  
  13  0:17  Drone  
  14  0:31  Drone x2  
  16  0:36  Drone  
  17  0:50  Drone  
  18  1:00  Drone  
  19  1:04  Hatchery  
  18  1:22  Hatchery  
  17  1:32  Spawning Pool  
  16  1:34  Drone  
  17  1:40  Drone, Extractor  
  17  1:46  Drone  
  18  1:52  Drone  
  19  1:57  Overlord  
  19  2:08  Drone  
  20  2:16  Drone  
  20  2:17  Drone  
  20  2:19  Queen  
  24  2:25  Queen  
  24  2:28  Zergling x2  
  27  2:36  Queen  
  27  2:43  Metabolic Boost  
  29  2:46  Drone  
  29  2:50  Zergling x2  
  31  2:54  Drone  
  31  2:57  Drone x2  
  34  2:59  Drone  
  35  3:08  Overlord  
  35  3:09  Drone  
  35  3:10  Drone  
  37  3:14  Drone  
  38  3:21  Baneling Nest  
  38  3:22  Drone x2  
  38  3:24  Drone  
  38  3:27  Drone  
  41  3:29  Drone  
  41  3:30  Drone  
  41  3:33  Drone  
  44  3:41  Roach Warren  
  43  3:42  Drone  
  43  3:45  Drone x2  
  46  3:48  Drone  
  46  3:51  Overlord  
  46  3:52  Drone x2  
  49  3:59  Drone  
  50  4:05  Baneling x2  
  50  4:08  Extractor  
  49  4:10  Extractor  
  49  4:11  Drone x3  
  49  4:13  Hatchery, Drone  
  49  4:14  Drone  
  49  4:16  Drone  
  53  4:19  Drone x2  
  53  4:22  Drone  
  53  4:23  Drone  
  53  4:24  Drone  
  58  4:26  Overlord  
  58  4:35  Overlord  
  58  4:39  Evolution Chamber  
  58  4:41  Drone  
  58  4:43  Overlord  
  58  4:44  Drone x3  
  61  4:46  Drone x3  
  61  4:50  Lair, Drone  
  64  5:02  Drone x3  
  64  5:04  Extractor  
  64  5:05  Roach x6  
  64  5:07  Roach  
  80  5:10  Roach  
  80  5:11  Zerg Missile Weapons Level 1  
  82  5:14  Overlord  
  82  5:17  Overlord  
  82  5:24  Queen  
  82  5:25  Roach  
  86  5:31  Roach  
  86  5:35  Ravager x3  
  91  5:44  Drone x5  
  91  5:45  Overlord  
  96  5:50  Glial Reconstitution, Extractor  
  96  5:51  Extractor  
  96  5:53  Hatchery  
  96  5:54  Overlord, Ravager  
  96  5:55  Overlord  
  94  6:05  Drone x2  
  94  6:09  Overlord  
  94  6:10  Overlord x2  
  96  6:15  Drone  
  96  6:16  Drone x5  
  102  6:19  Drone x3  
  102  6:20  Drone  
  102  6:22  Roach x3  
  102  6:23  Overlord  
  102  6:25  Overlord  
  112  6:31  Overlord  
  114  6:33  Roach x2  
  114  6:34  Roach  
  114  6:35  Roach  
  114  6:37  Roach  
  114  6:38  Overlord, Roach x2  
  126  6:42  Roach  
  126  6:43  Roach x2  
  126  6:45  Ravager x2  
  126  6:46  Ravager x2  
  136  6:47  Overlord  
  136  6:48  Roach x3  
  136  6:49  Roach  
  136  6:51  Roach  
  136  6:52  Roach  
  136  6:54  Roach  
  150  6:56  Roach  
  150  6:57  Roach  
  150  6:58  Roach  
  150  6:59  Roach  
  150  7:01  Roach  
  160  7:04  Overlord  
  160  7:10  Zerg Missile Weapons Level 2  
  160  7:13  Roach x2  
  160  7:15  Roach  
  166  7:16  Overlord, Extractor  
  166  7:17  Roach  
  166  7:18  Roach  
  166  7:19  Roach  
  171  7:23  Roach x2  
  171  7:25  Roach  
  171  7:26  Roach  
  171  7:28  Roach  
  181  7:30  Roach  
  181  7:31  Roach  
  181  7:32  Roach  
  181  7:34  Roach  
  189  7:38  Roach  
  189  7:39  Roach  
  189  7:42  Overlord x2, Roach x2  
  197  7:44  Overlord  
  197  7:48  Overlord  
  197  7:51  Overlord  
  197  7:52  Overlord  
  197  7:54  Overlord  
  197  8:02  Roach  
  174  8:06  Roach  
  174  8:07  Roach x2  
  174  8:08  Roach  
  174  8:09  Roach x2  
  174  8:12  Roach x5  
  169  8:13  Roach x3  
  169  8:14  Roach  
  169  8:16  Roach  
  169  8:18  Roach  
  169  8:19  Roach  
  167  8:21  Roach  
  167  8:23  Roach  
  167  8:24  Roach  
  167  8:25  Roach  
  165  8:27  Roach  
  165  8:28  Roach  
  165  8:29  Roach  
  165  8:31  Roach  
  165  8:36  Ravager x4  
  165  8:37  Ravager  
  165  8:40  Roach  
  174  8:41  Roach  
  174  8:42  Roach  
  174  8:43  Roach  
  174  8:44  Roach  
  174  8:46  Roach  
  174  8:47  Roach  
  184  8:48  Roach  
  184  8:51  Roach x2  
  184  8:53  Roach  
  184  8:54  Roach  
  184  8:55  Roach  
  194  8:57  Roach  
  194  8:58  Roach  
  194  8:59  Roach  
  198  9:03  Roach  
  198  9:04  Roach  
  198  9:05  Roach  
  198  9:06  Roach  
  198  9:07  Roach  
  200  9:12  Roach  
  200  9:13  Roach  
  200  9:21  Roach  
  200  9:23  Roach  
  192  9:24  Roach x3  
  192  9:28  Roach x3  
  192  9:30  Roach x3  
  166  9:32  Roach x3  
  166  9:33  Roach  
  166  9:35  Roach  
  166  9:36  Roach  
  168  9:39  Roach  
  168  9:42  Roach  
  168  9:44  Roach  
  168  9:45  Roach  
  174  9:47  Ravager  
  174  9:48  Ravager x2  
  174  9:50  Roach  
  181  9:52  Roach  
  181  9:53  Roach  
  181  9:55  Roach  
  181  9:56  Roach  
  181  9:58  Roach  
  186  10:00  Roach, Queen  
  186  10:03  Roach  
  186  10:06  Roach  
  192  10:07  Roach  
  192  10:09  Roach  
  192  10:11  Roach  
  198  10:15  Roach  
  200  10:27  Roach  
  194  10:29  Roach  
  194  10:34  Roach  
  179  10:37  Roach  
  179  10:38  Roach x3  
  179  10:41  Roach  
  179  10:42  Roach  
  168  10:43  Roach x3  
  168  10:45  Roach x2  
  168  10:48  Roach x2  
  168  10:49  Roach x2  
  167  10:52  Roach x2  
  167  10:53  Roach x2  
  171  10:57  Roach  
  171  10:59  Roach x2  
  171  11:00  Roach  
  171  11:02  Roach  
  171  11:03  Roach  
  173  11:05  Roach  

Tags
 
Add a new tag
Caveats
  • Supply blocks, unpowered buildings, or Contaminate may cause inaccurate times.
  • Supply counts are checked every 10 seconds.